 Dungeon Crawl Stone Soup version 0.28.0 (webtiles) character file.

Game seed: 10339159722929815428

3754 hikkokomori the Blocker (level 10, 0/82 HPs)
             Began as a Formicid Fighter on Feb 15, 2022.
             Was a Believer of Okawaru.
             Slain by an orc warrior (11 damage)
             ... on level 9 of the Dungeon.
             The game lasted 00:13:41 (8025 turns).

hikkokomori the Blocker (Formicid Fighter)          Turns: 8025, Time: 00:13:41

Health: 0/82       AC: 12    Str: 24    XL:     10   Next: 37%
Magic:  10/10      EV:  6    Int:  9    God:    Okawaru [**....]
Gold:   543        SH: 17    Dex: 10    Spells: 5/9 levels left

rFire   + . .      SeeInvis +   y - +2 demon blade (elec)
rCold   + . .      Faith    .   u - +3 tower shield
rNeg    . . .      Spirit   .   f - +0 chain mail
rPois   .          Reflect  .   (helmet unavailable)
rElec   .          Harm     .   g - scarf {rC+ rF+}
rCorr   +          Rampage  .   (no gloves)
Will    ++...                   E - +0 pair of boots
Stlth   ..........              (no amulet)
HPRegen 0.23/turn               d - ring of resist corrosion
MPRegen 0.12/turn               (no ring)

@: no status effects
A: permanent stasis, dig shafts and tunnels, antennae 3, four strong arms,
hooves 1, strong-willed 1
a: Dig, Shaft Self, Renounce Religion, Heroism


You were on level 9 of the Dungeon.
You worshipped Okawaru.
Okawaru was pleased with you.
You visited 2 branches of the dungeon, and saw 10 of its levels.
You also visited: Ossuary.

You collected 543 gold pieces.

Inventory:

Hand Weapons
 a - a +1 war axe
 j - a +0 vorpal hunting sling
 y - a +2 demon blade of electrocution (weapon)
 C - a +0 hand crossbow
Missiles
 l - 235 stones
 D - 27 bolts
Armour
 b - a +0 scale mail
 c - a +0 buckler
 f - a +0 chain mail (worn)
 g - a scarf of resistance (worn)
 u - a +3 tower shield (worn)
 E - a +0 pair of boots (worn)
Jewellery
 d - a ring of resist corrosion (left hand)
Wands
 o - a wand of flame (24)
 K - a wand of digging (6)
Scrolls
 e - 3 scrolls of blinking
 i - 2 scrolls of enchant weapon
 k - 2 scrolls of enchant armour
 n - 4 scrolls of identify
 p - a scroll of magic mapping
 s - a scroll of fog {unknown}
 t - a scroll of vulnerability {unknown}
 v - a scroll of summoning {unknown}
 x - a scroll of noise
 A - a scroll of brand weapon {unknown}
 B - a scroll of immolation
 F - a scroll of fear {unknown}
 G - a scroll of teleportation {unknown}
 L - a scroll of acquirement {unknown}
Potions
 h - 3 potions of flight
 m - a potion of attraction {unknown}
 q - a potion of degeneration {unknown}
 r - 3 potions of heal wounds {unknown}
 w - 3 potions of magic {unknown}
 z - 2 potions of mutation
 H - a potion of brilliance {unknown}
 I - 3 potions of curing {unknown}
 J - a potion of ambrosia {unknown}


   Skills:
 + Level 8.5 Fighting
 - Level 6.9 Axes
 + Level 8.5 Armour
 + Level 9.3 Shields
 + Level 2.6 Transmutations


You had 5 spell levels left.
You knew the following spells:

 Your Spells              Type           Power      Damage    Failure   Level
a - Passwall              Tmut/Erth      1%         N/A       100%        2
b - Wereblood             Tmut           4%         N/A       99%         2

Your spell library contained the following spells:

 Spells                   Type           Power      Damage    Failure   Level
 Beastly Appendage        Tmut           8%         N/A       98%         1
 Apportation              Tloc           0%         N/A       100%        1
 Sandblast                Erth           0%         2d4       100%        1
 Gell's Gravitas          Tloc           0%         N/A       100%        3
 Lesser Beckoning         Tloc           0%         N/A       100%        3
 Portal Projectile        Hex/Tloc       0%         N/A       100%        3
 Spider Form              Tmut/Pois      2%         N/A       100%        3
 Stone Arrow              Conj/Erth      0%         3d7       100%        3
 Teleport Other           Tloc           0%         N/A       100%        3
 Blade Hands              Tmut           2%         N/A       100%        5
 Borgnjor's Vile Clutch   Necr/Erth      0%         N/A       100%        5
 Excruciating Wounds      Necr           0%         N/A       100%        5
 Animate Skeleton         Necr           Unusable   N/A       N/A         1
 Summon Small Mammal      Summ           Unusable   N/A       N/A         1
 Animate Dead             Necr           Unusable   N/A       N/A         4
 Death Channel            Necr           Unusable   N/A       N/A         6

Dungeon Overview and Level Annotations

Branches:
Dungeon (9/15)             Temple (1/1) D:5         Ossuary (visited)
   Lair: D:8-11         Orc: D:9-12

Altars:
Ashenzari
Cheibriados
Dithmenos
Elyvilon
Fedhas
Gozag
Hepliaklqana
Kikubaaqudgha
Makhleb
Okawaru
Qazlal
Ru
Sif Muna
Trog
Vehumet
Wu Jian
Xom
Yredelemnul
Zin
The Shining One

Annotations:
D:4 1 transporter, Clumpoid's ghost, amateur GnFi


Innate Abilities, Weirdness & Mutations

You cannot be hasted, slowed, berserked, paralysed or teleported.
You can dig through walls and to a lower floor.
You have a pair of large antennae on your head. (SInv)
Your four strong arms can wield two-handed weapons with a shield.
You have large cloven feet.
You are strong-willed. (Will+)


Message History

You block the yak's attack. x2
You slash the yak!
The yak is severely wounded.
The yak barely misses you.
You barely miss the yak.
The yak is severely wounded.
The yak gores you! You block the yak's attack.
You slash the yak! Lightning courses through the yak!
You kill the yak!
Okawaru accepts your kill.
You hit the orc warrior.
The orc warrior is lightly wounded.
The orc warrior hits you with a +3 glaive.
The orc warrior hits you but does no damage.
You hit the orc warrior but do no damage.
The orc warrior is lightly wounded.
You block the orc warrior's attack. You block the orc wizard's attack.
You slice the orc warrior!!
The orc warrior is severely wounded.
You block the orc warrior's attack.
The orc wizard points at you and mumbles some strange words.
The magic dart hits you but does no damage.
The orc warrior hits you with a +3 glaive!
The orc wizard hits you but does no damage.
You closely miss the orc warrior.
The orc warrior is severely wounded.
You block the orc warrior's attack. You block the orc wizard's attack.
The orc warrior hits you with a +3 glaive.
Unknown command.
You hit the orc warrior but do no damage.
The orc warrior is severely wounded.
You block the orc wizard's attack.
The orc warrior hits you with a +3 glaive!!
* * * LOW HITPOINT WARNING * * *
The orc wizard casts a spell at you. You resist with almost no effort.
You barely miss the orc warrior.
The orc warrior is severely wounded.
The orc warrior hits you with a +3 glaive!
You die...

#.######.#.#.# #..#
#####.#.#.# #..#
......#.#.#########..#
.........>.....†.....#
##################...###
...c.. #..#.#.....#
......####..#.#....##
......{#o#.##.#.#..#
..o...{{#@#.....#..# {
..{..{{#o#.######..#
......####..# ...#
...... #..# ##.# #####
#### #.# .#


You could see an orc warrior and an orc wizard.

Vanquished Creatures
  Pikel (D:4)
  Sigmund (D:3)
  A yak (D:9)
  A steam dragon (D:7)
  Menkaure (D:7)
  7 sky beasts
  A black bear (D:6)
  A necrophage (D:7)
  An ogre (D:4)
  A centaur (D:6)
  A kobold brigand (D:6)
  A bullfrog (D:6)
  2 scorpions (D:6)
  7 killer bees
  Crazy Yiuf (D:7)
  A bullfrog zombie (D:5)
  4 centaur zombies
  A jelly (D:5)
  3 hounds
  An orc priest (D:7)
  2 human zombies (Ossuary)
  2 bullfrog skeletons
  2 centaur skeletons
  Ijyb (D:3)
  Jessica (D:3)
  4 iguanas
  5 orc wizards
  A scorpion zombie (D:5)
  A hound zombie (Ossuary)
  A howler monkey skeleton (D:7)
  4 mummies (Ossuary)
  4 gnolls
  10 adders
  2 white imps (D:6)
  3 ufetubi
  An adder zombie (Ossuary)
  An adder skeleton (D:4)
  7 dart slugs
  26 orcs
  9 ball pythons
  8 endoplasms
  4 giant cockroaches
  5 goblins
  7 hobgoblins
  5 jackals
  4 quokkas
  5 bats
  8 frilled lizards
  A goblin zombie (Ossuary)
  A hobgoblin zombie (Ossuary)
  2 jackal zombies (Ossuary)
  12 kobolds
  A kobold zombie (Ossuary)
  2 orc zombies (Ossuary)
  2 rats (D:2)
  A rat zombie (Ossuary)
193 creatures vanquished.

Vanquished Creatures (others)
  A black bear (D:8)
1 creature vanquished.

Grand Total: 194 creatures vanquished

Notes
Turn   | Place    | Note
-------+----------+-------------------------------------------
     0 | D:1      | hikkokomori the Formicid Fighter began the quest for the
                  | Orb.
     0 | D:1      | Reached XP level 1. HP: 18/18 MP: 1/1
    17 | D:1      | Reached XP level 2. HP: 11/24 MP: 2/2
   419 | D:1      | Found a faded altar of an unknown god.
   489 | D:1      | Reached XP level 3. HP: 29/29 MP: 3/3
   537 | D:1      | Reached skill level 4 in Shields
   950 | D:2      | Reached XP level 4. HP: 31/37 MP: 4/4
  1328 | D:2      | Reached XP level 5. HP: 42/42 MP: 5/5
  1476 | D:3      | Noticed Sigmund
  1492 | D:3      | Killed Sigmund
  1493 | D:3      | Reached skill level 5 in Shields
  1493 | D:3      | Reached XP level 6. HP: 39/49 MP: 6/6
  1568 | D:3      | Noticed Ijyb
  1579 | D:3      | Killed Ijyb
  1674 | D:3      | Noticed Jessica
  1679 | D:3      | Killed Jessica
  1967 | D:3      | Found a radiant altar of Vehumet.
  1967 | D:3      | Found an ancient bone altar of Kikubaaqudgha.
  1969 | D:3      | Found a shimmering blue altar of Sif Muna.
  1980 | D:3      | Got Sif Muna's Collected Works on Moulding
  2193 | D:4      | Identified the +6 giant spiked club of the Endless March
                  | {holy, rElec Will+ Str+2}
  2193 | D:4      | Noticed an ogre
  2195 | D:4      | Found a transporter.
  2197 | D:4      | Noticed Clumpoid's ghost (amateur GnFi)
  2403 | D:4      | Noticed an ogre
  2716 | D:4      | Reached XP level 7. HP: 55/55 MP: 7/7
  2744 | D:4      | Reached skill level 5 in Fighting
  2884 | D:4      | Reached skill level 5 in Armour
  2968 | D:4      | Noticed Pikel
  2982 | D:4      | Killed Pikel
  2983 | D:4      | Reached skill level 5 in Axes
  2983 | D:4      | Reached skill level 6 in Shields
  2983 | D:4      | Reached XP level 8. HP: 46/64 MP: 8/8
  3110 | D:5      | Entered Level 5 of the Dungeon
  4122 | D:5      | Found a staircase to the Ecumenical Temple.
  4184 | D:5      | Reached skill level 7 in Shields
  4432 | Temple   | Entered the Ecumenical Temple
  4526 | Temple   | Became a worshipper of Warmaster Okawaru
  4674 | D:5      | Reached XP level 9. HP: 71/71 MP: 9/9
  4969 | D:6      | Found a sand-covered staircase.
  4975 | Ossuary  | Entered an ossuary
  5390 | D:6      | Reached * piety under Okawaru
  5489 | D:6      | Reached skill level 8 in Shields
  5918 | D:7      | Found a runed translucent door.
  5919 | D:7      | Noticed Crazy Yiuf
  5954 | D:7      | Killed Crazy Yiuf
  6264 | D:7      | Noticed Menkaure
  6268 | D:7      | Killed Menkaure
  6268 | D:7      | Reached ** piety under Okawaru
  6338 | D:7      | Gained mutation: You are strong-willed. (Will+) [potion of
                  | mutation]
  6338 | D:7      | Gained mutation: You have large cloven feet. [potion of
                  | mutation]
  6347 | D:7      | Reached XP level 10. HP: 25/78 MP: 10/10
  6776 | D:7      | Learned a level 2 spell: Passwall
  6779 | D:7      | Learned a level 2 spell: Wereblood
  6819 | D:7      | Reached skill level 1 in Transmutations
  7234 | D:8      | Reached skill level 9 in Shields
  8025 | D:9      | Slain by an orc warrior

Illustrated notes

Levels and vault maps discovered:
D:1:      minmay_arrival_radiant_lines, layout_rooms, basic_ecumenical_altar
D:2:      layout_basic, serial_bayou_pond_b, wad_floor_pattern_untrapped
D:3:      layout_basic, grunt_temple_overflow_magic_moments, uniq_jessica,
          uniq_ijyb, uniq_sigmund
D:4:      layout_basic, gammafunk_ghost_smash, uniq_pikel
D:5:      layout_loops_cross, minmay_temple_entry_enclosed_plants,
          minmay_misc_feat_chi, kennysheep_generic_room_16
D:6:      layout_basic, nicolae_ossuary_entry_plus
D:7:      layout_gridville, uniq_crazy_yiuf_cottage, uniq_menkaure
D:8:      layout_basic
D:9:      layout_basic, serial_shops, nicolae_shop_advertising_works
          [nicolae_subvault_shop_adworks], minmay_misc_feat_x,
          hangedman_decor_peaks_small, st_stairs_6, wad_rectangle_vault
Temple:   minmay_temple_bridge_d

Skill      XL: |  1  2  3  4  5  6  7  8  9 10 |
---------------+-------------------------------+-----
Shields        | 4 5 6 7 8 9 |  9.3
Fighting       | 4 6 7 8 |  8.5
Armour         | 4 5 6 7 8 |  8.5
Axes           | 3 5 6 |  6.9
Transmutations | 2 |  2.6

Action                   |  1- 3 |  4- 6 |  7- 9 | 10-12 || total
-------------------------+-------+-------+-------+-------++-------
Melee: War axe           |    85 |   139 |   182 |       ||   406
       Demon blade       |       |       |   104 |   123 ||   227
Evoke: Wand              |       |       |     1 |       ||     1
  Use: Potion            |       |     4 |     2 |       ||     6
       Scroll            |       |       |     3 |     5 ||     8
Armor: Scale mail        |    29 |       |       |       ||    29
       Chain mail        |    31 |    97 |   155 |   102 ||   385
Dodge: Dodged            |    47 |    65 |    63 |    49 ||   224
Block: Buckler           |    24 |    34 |       |       ||    58
       Tower shield      |       |     6 |   307 |   205 ||   518
